 Dungeon Crawl Stone Soup version 0.30-a0-6-g7c9e10e132 (webtiles) character file.

Game seed: 5848719595274918623

865 jlumianski the Chopper (level 7, 0/58 HPs)
             Began as a Demonspawn Gladiator on Aug 23, 2022.
             Slain by an ogre
             ... wielding a +0 giant spiked club
              (40 damage)
             ... on level 5 of the Dungeon.
             The game lasted 00:15:42 (4880 turns).

jlumianski the Chopper (Demonspawn Gladiator)       Turns: 4880, Time: 00:15:42

Health: 0/58       AC:  8    Str: 16    XL:     7   Next: 72%
Magic:  7/7        EV: 13    Int:  9    God:
Gold:   317        SH:  5    Dex: 15    Spells: 6/6 levels left

rFire   . . .      SeeInvis +    a - +0 war axe
rCold   . . .      Faith    .    (no shield)
rNeg    . . .      Spirit   .    x - +0 ring mail
rPois   .          Reflect  +    (helmet unavailable)
rElec   .          Harm     +    s - scarf {harm}
rCorr   .          Rampage  .    (no gloves)
Will    +....                    n - +1 pair of boots
Stlth   +.........               f - amulet of reflection
HPRegen 0.19/turn                l - ring of willpower
MPRegen 0.10/turn                (no ring)

@: no status effects
A: antennae 3, spiny 1
a: no special abilities


You were on level 5 of the Dungeon.
You visited 1 branch of the dungeon, and saw 5 of its levels.

You collected 317 gold pieces.

Inventory:

Hand Weapons
 a - a +0 war axe (weapon)
 p - a +1 dagger of freezing
 w - a +0 sling
 z - a +0 vampiric whip
Missiles
 d - 3 throwing nets
 e - 5 javelins
 g - 63 stones
 u - 8 poisoned darts (quivered)
Armour
 b - a +0 leather armour
 c - a +0 helmet
 j - a +0 cloak
 n - a +1 pair of boots (worn)
 s - a scarf of harm (worn)
 x - a +0 ring mail (worn)
Jewellery
 f - an amulet of reflection (around neck)
 h - a ring of positive energy
 l - a ring of willpower (left hand)
Scrolls
 k - a scroll of poison {unknown}
 m - a scroll of silence {unknown}
 r - 2 scrolls of teleportation
Potions
 i - a potion of flight
 o - 2 potions of mutation {unknown}
 q - a potion of curing
 v - a potion of heal wounds {unknown}
 A - 4 potions of berserk rage {unknown}
 B - a potion of might {unknown}


   Skills:
 + Level 6.0 Fighting
 + Level 6.9 Axes
 + Level 1.0 Ranged Weapons
 + Level 5.2 Throwing
 + Level 5.2 Armour
 + Level 5.9 Dodging
 + Level 1.7 Stealth
 + Level 1.0 Shields


You had 6 spell levels left.
You didn't know any spells.
Your spell library contained the following spells:

 Spells                   Type           Power      Damage    Failure   Level
 Beastly Appendage        Tmut           0%         N/A       58%         1
 Wereblood                Tmut           0%         N/A       73%         2
 Ozocubu's Armour         Ice            0%         N/A       91%         3
 Spider Form              Tmut/Pois      0%         N/A       91%         3
 Ozocubu's Refrigeration  Ice            0%         4d7       100%        7


Dungeon Overview and Level Annotations

Branches:
Dungeon (5/15)
 Temple: D:4-7

Altars:
Cheibriados
Ru

Shops:
D:1 [

Annotations:
D:5 1 transporter, GigaChad's ghost, novice FoFi


Innate Abilities, Weirdness & Mutations

You have a pair of large antennae on your head. (SInv)
You are partially covered in sharp spines.


Message History

Found a stone staircase leading down.
There is a stone staircase leading up here.
A phantom comes into view.
There is a stone staircase leading down here.
You hit the phantom but do no damage. The phantom hits you.
The phantom blinks!
You blink.
Found a stone staircase leading up.
You hit the phantom.
The phantom is lightly damaged.
The phantom hits you.
The phantom blinks!
You blink.
The phantom attacks as you move away! The phantom is struck by your spines.
The phantom completely misses you.
You barely miss the phantom.
The phantom is lightly damaged.
The phantom is struck by your spines.
The phantom hits you but does no damage.
You slash the phantom!
The phantom is heavily damaged.
The phantom barely misses you.
You slash the phantom!
You destroy the phantom!
HP restored.
A hound comes into view.
The hound barks!
The hound misses you.
You closely miss the hound. The hound is struck by your spines.
The hound bites you but does no damage.
You hit the hound.
The hound is severely wounded.
The hound is struck by your spines.
You kill the hound!
Your Ranged Weapons skill increases to level 1!
You see here a hound corpse.
An ogre comes into view. It is wielding a +0 giant spiked club.
The ogre shouts!
The ogre is struck by your spines.
The ogre hits you with a +0 giant spiked club!
The ogre hits you with a +0 giant spiked club!!
Ouch! That really hurt!
You die...

## ######.
.# #......##
..# #.....#
#...
##...@###..#
###.O...#
##....###
#.......#
##...#####
##....#{ {##
###.....#
#.## .
........#{
{#...#### .
##......#
......##.


You could see an ogre.

Vanquished Creatures
  A sky beast (D:4)
  2 ogres
  A phantom (D:5)
  A jelly (D:4)
  A hound (D:5)
  2 iguanas
  An orc wizard (D:3)
  A gnoll (D:4)
  8 adders
  2 dart slugs
  2 worms
  4 orcs (D:3)
  6 ball pythons
  9 endoplasms
  A giant cockroach (D:2)
  8 hobgoblins
  4 jackals (D:2)
  8 kobolds
  4 quokkas
  4 bats
  4 frilled lizards
  9 goblins
  6 rats
89 creatures vanquished.

Vanquished Creatures (others)
  2 fungi (D:1)
  4 plants
  5 toadstools (D:3)
11 creatures vanquished.

Grand Total: 100 creatures vanquished

Notes
Turn   | Place    | Note
-------+----------+-------------------------------------------
     0 | D:1      | jlumianski the Demonspawn Gladiator began the quest for the
                  | Orb.
     0 | D:1      | Reached XP level 1. HP: 16/16 MP: 1/1
    35 | D:1      | Found Iloss's Armour Emporium.
   115 | D:2      | Gained mutation: You are partially covered in sharp spines.
                  | [demonic ancestry]
   115 | D:2      | Reached XP level 2. HP: 12/22 MP: 2/2
   129 | D:2      | Noticed an ogre
   950 | D:1      | Gained mutation: You have a pair of small antennae on your
                  | head. [demonic ancestry]
   950 | D:1      | Reached XP level 3. HP: 27/27 MP: 3/3
   965 | D:1      | Found a faded altar of an unknown god.
  2057 | D:2      | Killed an ogre
  2058 | D:2      | Reached skill level 1 in Armour
  2058 | D:2      | Gained mutation: You have a pair of antennae on your head.
                  | [demonic ancestry]
  2058 | D:2      | Reached XP level 4. HP: 5/34 MP: 4/4
  2058 | D:2      | Gained mutation: You have a pair of large antennae on your
                  | head. (SInv) [demonic ancestry]
  2058 | D:2      | Reached XP level 5. HP: 5/39 MP: 5/5
  2815 | D:3      | Found a sacrificial altar of Ru.
  3060 | D:3      | Reached skill level 1 in Stealth
  3623 | D:2      | Reached skill level 5 in Fighting
  3623 | D:2      | Reached skill level 5 in Throwing
  3623 | D:2      | Reached skill level 5 in Armour
  3623 | D:2      | Reached skill level 5 in Dodging
  3623 | D:2      | Reached XP level 6. HP: 52/52 MP: 6/6
  3878 | D:4      | Reached XP level 7. HP: 57/57 MP: 7/7
  3925 | D:4      | Found a snail-covered altar of Cheibriados.
  4085 | D:4      | Identified the +2 ring mail of Bespelled Birdsong {rF+}
  4368 | D:5      | Entered Level 5 of the Dungeon
  4368 | D:5      | Found a transporter.
  4571 | D:5      | Reached skill level 1 in Shields
  4757 | D:5      | Noticed GigaChad's ghost (novice FoFi)
  4856 | D:5      | Reached skill level 1 in Ranged Weapons
  4880 | D:5      | Slain by an ogre

Illustrated notes

Levels and vault maps discovered:
D:1:      minmay_arrival_jagged, layout_basic, serial_shops, shop,
          shapermc_ecumenical_altar_mp_urbaneastern, minmay_misc_feat_room
D:2:      layout_basic, serial_bayou_lake_a
D:3:      layout_loops_ring, nicolae_overflow_crystal_walls,
          serial_co_window_serial, co_window_corner_a,
          co_window_of_opportunity_a, co_window_paths_a, co_window_paths_a,
          co_window_paths_a, co_window_corner_a, co_window_paths_b,
          co_window_of_opportunity_c, co_window_corner_ca, co_window_broadway_a,
          co_window_2corner, co_window_cross_2, co_window_corner_b,
          grunt_ministairs_9, minmay_gold_behind_fungi
D:4:      layout_cave_pools, lemuel_crystal_altar
D:5:      wad_pebble_path, layout_layer_cave,
          lemuel_mausoleum_altar_yredelemnul, minmay_temple_entry_antechambers,
          gammafunk_ghost_arena, uniq_menkaure

Skill      XL: |  1  2  3  4  5  6  7 |
---------------+----------------------+-----
Axes           | 3 4 6 |  6.9
Dodging        | 3 5 |  5.9
Armour         | 1 5 |  5.2
Throwing       | 5 |  5.2
Stealth        | 1 |  1.7
Fighting       | 5 6 |  6.0
Shields        | 1 |  1.0
Ranged Weapons | 1 |  1.0

Action                   |  1- 3 |  4- 6 |  7- 9 || total
-------------------------+-------+-------+-------++-------
Melee: War axe           |    88 |    62 |    32 ||   182
       Punch             |     2 |     1 |       ||     3
 Fire: Sling             |       |     3 |    18 ||    21
Throw: Dart              |     5 |       |       ||     5
  Use: Scroll            |       |     8 |       ||     8
       Potion            |       |     1 |       ||     1
 Stab: Sleeping          |       |     1 |       ||     1
Armor: Leather armour    |    11 |     8 |       ||    19
       Ring mail         |       |     5 |     6 ||    11
Dodge: Dodged            |    34 |    26 |    14 ||    74
Block: Other             |    19 |    14 |     3 ||    36
       Reflection        |     1 |     2 |     1 ||     4

Table legend: (Time is in decaauts)
 A = Elapsed time spent in this place.
 B = Non-inter-level travel time spent in this place.
 C = Inter-level travel time spent in this place.
 D = Time resting spent in this place.
 E = Time spent auto-exploring this place.
 F = Levels seen in this place.
 G = Mean time per level.
                   A        B        C        D        E       F      G
               +--------+--------+--------+--------+--------+-----+--------+
         Total |   4968 |   4803 |    165 |    345 |   2761 |   5 |  993.6 |
       Dungeon |   4968 |   4803 |    165 |    345 |   2761 |   5 |  993.6 |
               +--------+--------+--------+--------+--------+-----+--------+

Top non-repeatable levels by time:
     D:1: 1451 daAuts
     D:2: 1222 daAuts
     D:3: 1194 daAuts
     D:4: 588 daAuts
     D:5: 511 daAuts
